[Event "44th Chess Olympiad Open 2022"]
[Site "Chennai"]
[Date "2022.07.29"]
[Round "1.12"]
[White "Andrianiaina, Heritiana"]
[Black "Ter-Sahakyan, Samvel"]
[Result "0-1"]
[WhiteElo "2095"]
[BlackElo "2625"]
[Annotator "TA"]
[PlyCount "72"]
[EventDate "2022.??.??"]
[TimeControl "60"]

1. d4 Nf6 2. c4 e6 3. Nc3 Bb4 4. Qc2 d5 5. a3 Bxc3+ 6. Qxc3 O-O 7. e3 {[%emt 0:00:14] E36: Nimzo-Indian:
Classical: 4...d5 5 a3.} b6 8. cxd5 exd5 {
[%emt 0:01:20] 8...Nxd5 might become the main line.} 9. Bd3 {[%emt 0:01:14]
The position is equal.} Ba6 10. Ne2 c5 11. b3 {[%emt 0:03:43] [#]} Qe7 $146 (11...
Ne4 $5 12. Qc2 cxd4 $11) ({Predecessor:} 11... cxd4 12. Nxd4 Qc8
13. Qxc8 Rxc8 14. Bxa6 Nxa6 15. Bb2 Nc5 16. Rd1 a5 17. f3 Rc7 {1-0 (33) So,W 
(2772)-Nakamura,H (2736) Chess.com INT 2021}) 12. dxc5 Ne4 13. Bxe4 dxe4 14. Bb2 {
[%emt 0:11:47][%csl Gb2][%cal Rc3g7] [#]} f6 $1 15. Rd1 ({Don't play} 15. c6 Rc8 $11) (15. b4 $11 bxc5 16. b5 (16. bxc5
Nd7 $17) (16. Qxc5 Qxc5 17. bxc5 Nc6 $11)) 15... Nd7 16. Rd2 {[%emt 0:02:03] White is on the road to
losing.} (16. cxb6 $1 $11 Nc5 17. Nf4) 16... Nxc5 $17 {[%emt 0:04:49] Hoping
for ...Nd3+.} 17. O-O {[%emt 0:00:51] [#]} Qf7 $1 {[%emt 0:03:29] aiming for ..
.Rac8.} 18. Rfd1 Bxe2 {[%emt 0:00:27] Black is more active.}
19. Rxe2 Qxb3 20. Qxb3+ Nxb3 21. g4 (21. h4 $17) 21... Rfd8 22. Rxd8+ Rxd8 {[%emt 0:00:06] Endgame KRB-KRN} 23. Kg2 Rd2 24. Rxd2 Nxd2 {[%emt 0:
00:03] KB-KN} 25. Bc3 (25. Kg3 {is the only way for White.})
25... Nc4 $19 26. a4 Kf7 27.
Kg3 g5 28. h4 $2 (28. f3
exf3 29. Kxf3) 28... Ke6 29. hxg5 fxg5 30. f3 exf3 31. Kxf3 Ne5+ 32. Kg3 Kd5 {[%emt 0:03:
05] And now ...a6 would win.} 33. Bd4 Ke4 34.
a5 bxa5 {[%emt 0:00:21] Black mates.} 35. Bxa7 a4 36. Bc5 Nc4 {[%emt 0:00:15] Weighted
Error Value: White=0.73/Black=0.04 (flawless)} 0-1

[Event "44th Chess Olympiad Open 2022"]
[Site "Chennai"]
[Date "2022.07.29"]
[Round "1.12"]
[White "Rakotomaharavo, Dylan"]
[Black "Hovhannisyan, Robert"]
[Result "0-1"]
[WhiteElo "1948"]
[BlackElo "2591"]
[Annotator "TA"]
[PlyCount "126"]
[EventDate "2022.??.??"]
[TimeControl "60"]

1. e4 c6 2. Nf3 d5 3. Nc3 Bg4 4. h3 Bxf3 5. Qxf3 e6 6.
Be2 Bc5 {[%emt 0:03:48] B11: Caro-Kann: Two Knights Variation.
} 7. d3 Ne7 8. O-O O-O {
[%emt 0:02:05] The position is equal.} 9. Rd1 Bd4 {[%emt 0:00:
00] [#]} 10. Bf1 $146 ({Predecessor:} 10. Nb1 f5 11. exd5 exd5
12. c3 Bb6 13. d4 Nd7 14. c4 Nf6 15. Nc3 Ne4 16. Bf4 {0-1 (53) Girinath,P 
(2361)-Fedoseev,V (2701) Chess.com INT 2022}) 10... Nd7 11.
Ne2 Bb6 12. Be3 Bxe3 13. Qxe3 Qb6 14. Qxb6 axb6 15. exd5 Nxd5 16. c4 Ne7 17. d4 Rfd8 18. Nc3 Nf6 19. Rd3 Kf8 20. Rad1 h5 21. Be2 Rd6 22. Bf3 Rad8 23. Ne4 Nxe4 24. Bxe4 f5 25. Bf3 h4 26. Be2 Ng6 {[%emt 0:03:45] And now ...Nf4
would win.} 27. g3 {[%emt 0:00:16] Prevents Nf4.} Ke7 28. Kg2 c5 29. dxc5 bxc5 30. Rxd6 Rxd6 31. Rxd6 Kxd6 $15 {[%emt 0:00:04] Endgame KB-KN} 32. Kf3 hxg3 33. fxg3 b6 34. Ke3 Ne5 35. Kf4 Nc6 36. Bd3 Ke7 37. Kg5 Kf7 38. a3 g6 39. g4 Kg7 40. Bf1 Ne5 41.
Kf4 Nf7 42. Be2 Kf6 43. h4 g5+ 44. hxg5+ Nxg5 {[%emt 0:00:05] [#] Strongly threatening ...e5+.} 45. gxf5 exf5 46. Bf1 Ne6+ 47. Ke3 Ke5 48. b4 Kd6 49. Bd3 Ke5 50. Bf1 Nd4 51. Kd3 Nc6 52. Kc3 Kd6 53. Bd3 f4
{[%emt 0:00:00][%cal Yf5f4,Yf4f3,Yf3f2] With the idea ... Ke5.} 54. Be4 {
[%emt 0:00:00] Hoping for Bxc6.} Ne5 55. a4 Nc6 (55... f3 $5 56. a5 f2 $11) 56. bxc5+ Kxc5 57. Bd3 Ne5 58. Bf1 f3 {[%emt 0:00:00] 
( -> ...Ng4)} 59. Kb3 $2 {This costs White the game.} (59. Bh3 $11) 59... f2 {
[%emt 0:00:00] Black mates.} ({Weaker is} 59... Kd4 60. Kb4 $11) 60. Be2 {[#]}
Nf3 $1 61. Ka3 (61. Kc3 Nh2) 61... Nd2 62. a5
bxa5 63. Ka4 Nxc4 {[%emt 0:00:00] Weighted Error Value:
White=0.16 (very precise) /Black=0.02 (flawless)} 0-1

[Event "44th Chess Olympiad Open 2022"]
[Site "Chennai"]
[Date "2022.07.29"]
[Round "1.13"]
[White "Idani, Pouya"]
[Black "Rocha, Maximiliano"]
[Result "1-0"]
[WhiteElo "2641"]
[BlackElo "2117"]
[Annotator "RC"]
[PlyCount "41"]
[EventDate "2022.??.??"]
[TimeControl "60"]

1. Nf3 Nf6 2. c4 c6 3. g3 d5 4. d4 e6 5. Bg2 Bb4+ 6. Nc3 O-O 7. O-O b6 8. Ne5 Nfd7 9. cxd5 cxd5 10. Nxd5 exd5 11. Bxd5 Nxe5 12. dxe5 Qe7 13. Bxa8 Qxe5 14. Bf4 Qxb2 15. Rb1 Qa3 16. Bxb8 Bh3 17. Rb3 Qa5 18. Rxb4 Bxf1 19. Rd4 Bxe2 20. Qxe2 Rxb8 21. Qe7 1-0

[Event "44th Chess Olympiad Open 2022"]
[Site "Chennai"]
[Date "2022.07.29"]
[Round "1.13"]
[White "Idani Pouya"]
[Black "Rocha Maximiliano"]
[Result "1-0"]
[WhiteElo "2641"]
[BlackElo "2117"]
[Annotator "TA"]
[PlyCount "41"]
[EventDate "2022.??.??"]
[TimeControl "60"]

1. Nf3 Nf6 2. c4 c6 3. g3 d5 4. d4 e6 5. Bg2 Bb4+ 6. Nc3 {[%emt 0:02:51] E01:
Catalan: Early deviations.} O-O 7. O-O b6 8. Ne5 {[%emt 0:05:13] White is slightly better.} Nfd7 (8... Bb7 $14) 9. cxd5 $16 {[%emt 0:02:40] 0x0.
0013b9c7599bdp-1022s more active pieces.} cxd5 {[%emt 0:01:17] [#]} 10. Nxd5 $1 exd5 11. Bxd5 {[%emt 0:00:22] Hoping for Nd3.
} Nxe5 12. dxe5 {[%emt 0:00:06] [#]} Qe7 $146 (12... Bh3 $16 {was called for.}) ({Predecessor:} 12... Bh3 13. Bxa8 Bxf1 14.
Qxf1 Nd7 15. Bd5 Nxe5 16. e4 Qf6 17. f4 Ng4 18. e5 Qg6 {0-1 (26) Flom,G (2474)
-Makhnev,D (2480) Europe Echecs INT 2021}) 13. Bxa8 $18 Qxe5 14. Bf4 Qxb2 (14... Qf6 $142
15. Bg2 Be6) 15. Rb1 {[%emt 0:00:22][%cal Ya1b1,Yb1b3,Yb3b4,Yb4d4] White is
clearly winning.} Qa3 16. Bxb8 {[%emt 0:00:41][%cal Yb1b4]
Strongly threatening Rxb4!} Bh3 17. Rb3 Qa5 {
[%emt 0:00:54] [#]} 18. Rxb4 $1 Bxf1 {[%emt 0:02:28] [#]} 19.
Rd4 Bxe2 (19... Bh3 20. Be4) 20. Qxe2 {
[%emt 0:00:06][%cal Ya8d5] aiming for Bd5!} Rxb8 {[%emt 0:00:00] [#]} 21. Qe7
$1 {[%emt 0:00:13] White took control after the opening. Weighted Error Value:
White=0.17 (very precise) /Black=0.54} 1-0

[Event "44th Chess Olympiad Open 2022"]
[Site "Chennai"]
[Date "2022.07.29"]
[Round "1.13"]
[White "Daneshvar, Bardiya"]
[Black "Espinoza Solano, Jose Nahum"]
[Result "1-0"]
[WhiteElo "2490"]
[BlackElo "2093"]
[Annotator "TA"]
[PlyCount "145"]
[EventDate "2022.??.??"]
[TimeControl "60"]

1. d4 Nf6 2. c4 g6 3. Nc3 Bg7 4. e4 d6 5. Nf3 O-O 6. Be2 e5 7. O-O Nc6 8. d5 Ne7 9. b4 Nh5 10. Re1 f5 11. a4 {[%emt 0:01:11] E97: King's Indian: Classical Main Line (6...e5 7
0-0 Nc6): 8 Be3 and 8 d5 Ne7, not 9 Ne1.} Nf6 12. a5 fxe4 13. Ng5 {[%emt 0:01:03] White is slightly better.
} e3 14. Bxe3 Nf5 15. Bd2 {
[%emt 0:01:05] [#]} h6 $146 ({Predecessor:} 15... a6 16. Rc1
Nd4 17. f3 Bf5 18. Bf1 Nh5 19. Nge4 Nf4 20. Be3 Kh8 21. Nf2 Bd7 {1-0 (42)
Gonzaga Grego,L (2402)-Brasier,J (2428) ICCF email 2019}) 16. Nge4 Nd4 17. Ng3 (17. Nxf6+ {is interesting.}
Qxf6 18. Ne4 Qf7 19. Bd3) 17... Nxe2+ 18. Rxe2 Bf5 19. Nxf5 gxf5 20. a6 b6 21. Ra3 Qd7 22. Qa4 {[%emt 0:03:34] Inhibits c6.} (22. Qc2 $14) 22... Qxa4
$11 23. Rxa4 Rfc8 24. b5 Nd7 25. Na2 Re8 26. Nb4 Kh7 27. Nc6 Nb8 28. Nb4 {[%emt 0:05:42] White is much more active. The black
rooks are badly placed.} Nd7 29. Ra2 Kg6 30. Ra3 Kh7 (30... Bf6 $14 {
might be stronger.}) 31. Nc6 $16 {[%emt 0:02:06][%cal Yb4c6,Yc6d4,Yd4f5] White
stays focused until the end.} Nb8 (31... Rf8 $16 {was
necessary.}) 32. Nd4 $1 $18 Nd7 (32... Nxa6
$142 33. Nxf5 (33. Rxa6 exd4 34. Kf1 d3 $11) 33... Nc5) 33. Nxf5 Rf8 34. Ne7 Bf6 {[%emt 0:02:08] [#]} 35.
Nc6 Rg8 36. Rg3 Rxg3 37. hxg3 Kg6 38. g4 Nc5 39. Be3 Nd7 40.
f3 {[%emt 0:00:14] Black must now prevent g3.} Nb8 41. Nb4 Nd7 42. g3 {[%emt 0:00:10] Against Bh4} h5 (42... Bg7 $142 43. Nc6 Nf6) 43. gxh5+ Kxh5 44. Rh2+ Kg6 45. Kf1 Bg7 46. Rh4 Bf6 (46... Nb8 $142 47. Ke2 Kf7) 47. Rh6+ Kg7 48. Rh5 Kg6 49. g4 Bg7 50. Nc6 Nf6 51. Rh4 Ng8 52. Ke2 Bf6 53.
Rh5 Bg7 54. Rg5+ Kf7 55. Rf5+ Kg6 56. Rg5+ Kf7 57. f4 Bf6 58. Rh5 exf4 59. Bxf4 Kg6 60. Kf3 Bg7 61. Rg5+ Kf7 62. Rf5+ Kg6 63. Bg5 Bf6 64. Kf4 Bxg5+ 65. Rxg5+ {[%emt 0:00:07] Endgame KRN-KRN} Kf7 66. Nd4 {[%emt 0:00:13] [#] Intending Ne6 and mate.} Ne7 67. Ne6 {[%emt 0:00:57] White wants to mate with Rg7+.} Ng6+ 68. Kf5 Ne7+ 69. Ke4 {[%emt 0:00:25]
Threatening mate with Rg7+.} Ng6 70. Rf5+ Ke7 71. Rh5 {[%emt 0:00:18] Rh7+ would kill now.} Rh8 {[%emt 0:03:
01] Against Rh7+} 72. Rxh8 Nxh8 73. Nd4 {
[%emt 0:00:08] Weighted Error Value: White=0.25 (precise) /Black=0.28 (precise)
} 1-0

[Event "44th Chess Olympiad Open 2022"]
[Site "Chennai"]
[Date "2022.07.29"]
[Round "1.13"]
[White "Alfaro, William"]
[Black "Maghsoodloo, Parham"]
[Result "0-1"]
[WhiteElo "2155"]
[BlackElo "2701"]
[Annotator "TA"]
[PlyCount "78"]
[EventDate "2022.??.??"]
[TimeControl "60"]

1. d4 {[%emt 0:00:04] Grover,S} Nf6 2.
c4 e6 3. Nf3 Bb4+ 4. Nbd2 O-O 5. a3 Be7 6. e4 d5 7. e5 Nfd7 8. Bd3 {[%emt 0:00:00] E11:
Bogo-Indian.} c5 $1 9. h4 h6 10. Bb1 {[%emt 0:09:31] White is slightly better.} Re8 11. Qc2 {[%emt 0:03:26] White wants to mate with Qh7+.} Nf8 {
[%emt 0:00:07] Against Qh7+} 12. dxc5 $1 a5 13. Nf1 {[%emt 0:11:27][%cal Yc1h6] [#]} Nbd7 $146 (13... Qc7
$14) ({Predecessor:} 13... Bxc5 14. cxd5 Qxd5 15. Bxh6 gxh6 16. Qa4 Nfd7 17.
Qf4 Kg7 18. Rh3 Rh8 19. Be4 Qc4 20. Rc1 Qb5 21. Ng5 Bxf2+ 22. Kxf2 Qxb2+ 23.
Rc2 Qd4+ 24. Ke2 Nxe5 25. Rd3 {1-0 (25) Grover,S (2492)-Mareco,S (2585) Durban
2014 CBM 164 [Grover,S]}) 14. Rh3 {[%emt 0:09:57][%cal Yc1h6] Black must now
prevent Bxh6!} (14. cxd5 $6 exd5 15. Be3 Qc7 $15) 14... Qc7 $1 15. Bf4 dxc4 (15... Ng6 $2 16. h5 $1 Ngf8 17.
Rg3 $18) 16. Rg3 $36 {[%emt 0:14:07] And now Bxh6 would win. White has the
initiative.} h5 (16... Nxc5 $11 17. Qxc4 b5) 17. Ne3 (17. N1d2 $5 ) 17... Qxc5 {[%emt 0:02:42] Threatens to
win with ...b5.} 18. Nxc4 {[%emt 0:05:47] Strongly threatening Be3.} Ra6 (18... b6 $11 {remains equal.}) 19. Qe2 $1 $16 Rc6 $2 (19... b5 $16 20. Nd6 Bxd6) 20. Bd3 $18 b5 21. Nxa5 Ra6 22. Nb3 Qd5 23. Nbd2 ({Less strong is
} 23. Bxb5 Qxb3 24. Nd2 (24. Bxa6 $2 {is the wrong capture.} Bxa6 25. Qxa6 Nc5
$19) 24... Qb4 $11) (23. Nfd4 $18 {is more deadly.}) 23... Nc5 $16 24. Be4 (24. Bc2 $16) 24... Nxe4 $11 25.
Qxe4 (25. Nxe4 $14 {is the one way to stay ahead.} Ra4 26.
Nf6+ (26. Nc3 Bb4 $11) 26... Bxf6 27. exf6) 25... Qxe4+ ({
Black should try} 25... Ra4 $17 26. Qxd5 exd5) 26. Nxe4 Ra4 27. Nfd2 (27. Nf6+ $1 $11 Bxf6 28. exf6 Rxf4
29. Rxg7+ Kh8 30. Rxf7) 27... Ng6 (27... Bb7 $15 28. Re3 Ng6)
28. Bg5 Nxe5 29. Bf6 Ng6 30. Bxe7 Rxe7 31. Rc1 (31. b4 $11) 31... Bb7 $15 32. b4 Nxh4 33. Nf6+ {[%emt 0:00:38]
[#]} Kh8 $1 34. Nxh5 {[%emt 0:00:05] [#]} g6 $1 35. Nf4 e5 36. Ne2 {[%emt 0:01:08]
Hoping for Rh3.} Nxg2+ 37. Kf1 Nf4 {[%emt 0:
00:55] Black is more active.} 38. Nc3 $2 (38. Re3 $17 {
is a better defense.} Rd7 39. Ne4) 38... Rxa3 $19 39. Nxb5 Ra4 {[%emt 0:01:27] Never resign too early! Weighted Error
Value: White=0.33/Black=0.16 (very precise)} 0-1

[Event "44th Chess Olympiad Open 2022"]
[Site "Chennai"]
[Date "2022.07.29"]
[Round "1.13"]
[White "Salazar Cabezas, Alberto Javier"]
[Black "Mousavi, Seyed Khalil"]
[Result "0-1"]
[WhiteElo "2155"]
[BlackElo "2537"]
[Annotator "TA"]
[PlyCount "70"]
[EventDate "2022.??.??"]
[TimeControl "60"]

1. e4 e5 2. Nf3 Nc6 3. Bc4 Nf6 4. d3 Bc5 5. c3 d6 6. Nbd2 (6. O-O {feels
hotter.} O-O 7. Bg5 h6 8. Bh4) 6... a5 {[%emt 0:02:04][%cal Ya7a5,Ya5a4] C54:
Giuoco Piano: 4 c3 Nf6, main lines with 5 d4 and 5 d3.} 7. h3 (7. O-O {with more complications.} O-O 8. Re1 Ng4 9. Re2) 7... O-O 8. Qe2 Be6 {[%emt 0:07:44] Black has an edge.} (8... a4 {
seems wilder.} 9. O-O Nh5 10. Qd1 Nf4) 9. Bb3 a4 10. Bc2 {[%emt 0:00:30] [#]} h6 $146 ({Predecessor:} 
10... d5 11. Nf1 d4 12. Ng3 h6 13. O-O b5 14. a3 dxc3 15. bxc3 Bb3 16. Rb1 Bxc2
17. Qxc2 {½-½ (68) Wang,H (2756)-Petrov,N (2585) Moscow 2019}) 11. Nf1 b5 12. Be3 (12. Ng3 $1 $11 {
should be considered.}) 12... Qe7 ({Black should try} 12...
Bxe3 $17 13. Nxe3 d5) 13. Ng3 $11 Bxe3 14.
Qxe3 a3 15. b3 d5 16. O-O Rad8 17. d4 exd4 18. Nxd4 Nxd4 19. cxd4 dxe4 20. Bxe4 Qb4 21. Rfd1 Rfe8 22. Bc6 $2 {[%emt 0:06:
24] [#] Now White is beyond hope.} (22. Qf4 $15) 22... Bd7 $19 23. Qf3 Bxc6 24. Qxc6 Rxd4 25. Qxc7 (25. Rdc1 $142) 25... Rxd1+ 26. Rxd1 Re1+ 27. Rxe1 Qxe1+ {[%emt 0:00:06] Endgame KQN-KQN} 28. Nf1 Qb1 {
[%emt 0:01:27] Active counter play!} 29. Qd8+ Kh7 30. Qd2 Ne4 31. Qd5 (
31. Qd4) 31... Nc3 {[%emt 0:01:47] Black is clearly winning.} 32. Qxf7 Nxa2 {[%emt 0:01:27] [#] And now .. .Nc1 would win.} ({
Stronger than} 32... Ne2+ 33. Kh2 $11) 33. Kh2 Nb4 ({Worse is} 33... Qxf1 34. Qf5+ g6 35. Qf7+ Kh8 36. Qf8+ Kh7 37. Qf7+
Kh8 38. Qf8+ Kh7 39. Qf7+ $11) 34. Nd2 Qg6 35. Qa7 Qd6+ {[%emt 0:00:09] Weighted Error Value: White=0.78/
Black=0.07 (flawless)} 0-1

[Event "44th Chess Olympiad Open 2022"]
[Site "Chennai"]
[Date "2022.07.29"]
[Round "1.14"]
[White "Abdusattorov, Nodirbek"]
[Black "Chaulagain, Purushottam"]
[Result "1-0"]
[WhiteElo "2688"]
[BlackElo "1975"]
[Annotator "TA"]
[PlyCount "63"]
[EventDate "2022.??.??"]
[TimeControl "60"]

1. d4 d5 2. c4 e6 3. Nc3 Nf6 4. cxd5 exd5 5. Bg5 Be7 6. e3 O-O 7. Bd3 c6 8. Nge2 Re8 9. O-O Nbd7 10. a4 $5 {[%emt 0:02:23] An interesting
side line. D35: Queen's Gambit Declined: Exchange Variation.} a5 11. Qc2 Nf8 {[%emt 0:01:19] [#]} 12. Rae1 $146 {[%emt 0:
02:47] The position is equal.} ({Predecessor:} 12. f3 g6 13. e4 dxe4 14. fxe4
Ne6 15. Bxf6 Bxf6 16. d5 Nd4 17. Nxd4 Bxd4+ 18. Kh1 Qh4 {0-1 (31) Tovmasyan,H 
(1940)-Manukyan,G (2317) Van Nuys 2016}) 12... Ng6 13. Ng3 Ng4 14. Bxe7 Qxe7 15. e4 dxe4 16. Ncxe4 Be6 17. Nc5 Nf4 {[%emt 0:00:00] White now
steadily converts the win.} (17... Qh4 $14 18. h3 Nf6) 18. Bxh7+ $16 Kh8 {[%emt 0:01:24] [#]} 19. Bf5 $1 Bxf5 20. Qxf5 {[%emt 0:00:06] The board is on fire.} Qh4 (20... Qxe1 $2 21. Qxf4 Qb4 22. Qxg4 $18) 21. h3 Nh6 22. Qd7 Red8 23.
Qxb7 Rab8 24. Qxc6 Rxd4 25. Nd7 Rd8 {[%emt 0:
01:22] [#]} 26. Ne5 {[%emt 0:00:06] aiming for Nf3.} R4d6 27.
Qf3 {[%emt 0:09:10] Black must now prevent Re4.} Rf6 $2 (27...
Nd3 {keeps fighting.} 28. Nf5 (28. Nxf7+ Nxf7 29. Qxf7 Nxe1 $16) 28... Nxe5 29.
Rxe5 (29. Nxh4 Nxf3+ 30. Nxf3 Nf5 $18) 29... Nxf5) 28. Re4 $18 {[%emt 0:01:20]
White is clearly winning.} Rd2 29. Qc3 Qg5 30. Nf3 Nxh3+ 31. gxh3 {[%emt 0:00:31] Qc8+ would kill now.} Qd5 32. Qxd2 {
[%emt 0:00:27] Weighted Error Value: White=0.08 (flawless) /Black=0.42} 1-0

[Event "44th Chess Olympiad Open 2022"]
[Site "Chennai"]
[Date "2022.07.29"]
[Round "1.14"]
[White "Sindarov, Javokhir"]
[Black "Bhandari, Kshitiz"]
[Result "1-0"]
[WhiteElo "2629"]
[BlackElo "2071"]
[Annotator "TA"]
[PlyCount "79"]
[EventDate "2022.??.??"]
[TimeControl "60"]

1. e4 e5 2. Nf3 Nc6 3. Bc4 Bc5 4. Nc3 Nf6 5. d3 d6 6. Na4 Qe7 {[%emt 0:00:
00] C50: Hungarian Defence and Giuoco Pianissimo.} 7. Nxc5 dxc5 8. Bg5 {[%emt 0:00:03] [#]} a6 $146 {[%emt 0:06:12]
White has an edge.} ({Predecessor:} 8... h6 9. Bh4 Nd4 10. c3 Nxf3+ 11. Qxf3 g5
12. Bg3 Bd7 13. Qe2 O-O-O 14. O-O-O Bc6 {½-½ (35) Milliet,S-Dubreuil,J (2069)
France 1999}) 9. Bd5 Nd8 10. Qd2 Bg4 11. Rg1 a5 {[%emt 0:13:49] White
must now prevent ...c6.} 12. a4 h6 13. Bxf6 gxf6 14. Qc3 Be6 15. Nh4 Qd6 16. Qb3 c6 ({Better is} 16... Ra6 $14) 17. Bxe6 $16 fxe6 18. g3 Qd4 19. Ke2 Kd7 {[%emt 0:03:03] [#]} (19... Qb4 $142) 20. f4
$1 Kc7 21. Nf3 {[%emt 0:00:24][%cal Yh4f3,
Yf3d2,Yd2b3] Active counter play!} Qd6 (21... Qd7 $142 22.
fxe5 f5) 22. fxe5 $18 fxe5 23. Nd2 b5 24. Rgf1 Rh7 (
24... Rb8 $142 25. Rf6 h5) 25. axb5 cxb5 26.
Qxb5 Nc6 {[%emt 0:00:13] Threatens to win with ...Nd4+.} 27.
Nb3 Rb8 28. Qc4 (28. Qxc5
Qxc5 29. Nxc5 Nd4+ 30. Kd1 Rxb2 $16) 28... Rb4 {[%emt 0:01:24] [#]} 29. Qc3 ({Less strong is} 29. Qxc5 Qxc5 30. Nxc5 Nd4+ 31. Kd1 Rxb2 $16)
29... Kb6 30. Nd2 Qd4 31.
Qxd4 {[%emt 0:01:03] Really sharp!} exd4 (31... Nxd4+ $2 32.
Kd1 $18) 32. Nc4+ Kc7 33. Rf6 Kd7 34. b3 ({Don't play} 34. Nxa5 Rxb2 35.
Nxc6 Kxc6 36. Rxe6+ Kb7) 34... Ke7 35. Rg6 ({
Worse is} 35. Nxa5 Nxa5 36. Rg6 Nc6 $17) 35... h5 36. Nxa5 Ne5 37. Rg5 Kf6 38. h4 {[%emt 0:00:05] Hoping for Rf1+.} Ng4 39. Nc6 Rbb7 40. Rf1+ {[%emt 0:00:38] Weighted Error
Value: White=0.06 (flawless) /Black=0.45} 1-0

[Event "44th Chess Olympiad Open 2022"]
[Site "Chennai"]
[Date "2022.07.29"]
[Round "1.14"]
[White "Thing, Bibek"]
[Black "Yakubboev, Nodirbek"]
[Result "0-1"]
[WhiteElo "2260"]
[BlackElo "2620"]
[Annotator "TA"]
[PlyCount "70"]
[EventDate "2022.??.??"]
[TimeControl "60"]

1.
e4 c5 2. Nf3 Nc6 3. Bb5 e6 4. O-O Nge7 5. c3 a6 6. Ba4 b5 7. Bc2 d5 8. d4 cxd4 9. Nxd4 Bb7 10. Nxc6 {[%emt 0:02:10] B30: Sicilian: 2...Nc6 3 Bb5, lines
without ...g6.} Bxc6 11. Qe2 Qc7 (11... dxe4 $11 12. Rd1 Qc8) 12. Nd2 {[%emt 0:03:40] White is slightly
better.} Ng6 13. Nf3 Bd6 {[%emt 0:00:18] [#]}
14. Rd1 $146 {[%emt 0:04:23] Black must now prevent exd5.} ({Predecessor:} 14.
Re1 dxe4 15. Bxe4 O-O 16. h4 Rae8 17. a4 Bd7 18. axb5 axb5 19. Be3 Bc5 20. h5 {
1-0 (35) Baklan,V (2602)-Getz,N (2333) Reykjavik 2011}) 14... O-O 15. exd5 Bxd5 16. Be4 Ne7 17. Bg5 Bxe4 18. Qxe4 Nd5 19. Rd3 h6 20. Re1 Bxh2+ 21. Nxh2 {[%emt 0:19:31] And now Bc1 would win.} hxg5 22. Rh3 (22. Nf3 $11 {remains equal.} Nf6 23.
Qe2) 22... Nf6 $17 23. Qe3 {[%emt 0:00:00] [#]} Qf4 24. Rg3 Qxe3 {[%emt 0:02:20] Black is more active.}
25. Rexe3 (25. Rgxe3 $17 Rfd8 26. Nf3) 25... Rfd8 $19 {
[%emt 0:00:12] Threatens to win with ...Rd1+.} 26. Rxg5 $2 {[%emt 0:07:39] [#]}
(26. Kf1) 26... Rd1+ $1 27. Nf1 Rad8 28. Re2 (28. g4 {keeps fighting.}) 28... Ra1 {
[%emt 0:00:19] Black is clearly winning.} 29. f3 Rdd1 30. Rf2 Nd5 31. Re5 Nf4 32. Re3 Nd3 33.
Rxd3 Rxd3 34. a3 Rdd1 35. g4 Rdb1 {[%emt 0:00:04] Weighted Error
Value: White=0.41/Black=0.07 (flawless)} 0-1

[Event "44th Chess Olympiad Open 2022"]
[Site "Chennai"]
[Date "2022.07.29"]
[Round "1.14"]
[White "Jaiswal, Rupesh"]
[Black "Vokhidov, Shamsiddin"]
[Result "0-1"]
[WhiteElo "2083"]
[BlackElo "2552"]
[Annotator "TA"]
[PlyCount "114"]
[EventDate "2022.??.??"]
[TimeControl "60"]

1. e4 c5 2.
Nf3 d6 3. Bb5+ Nd7 4. a4 Ngf6 5. Nc3 a6 6. Bc4 {[%emt 0:00:41] B51: Sicilian: Moscow Variation (3
Bb5+) without 3...Bd7.} Qa5 7. O-O b5 8. Bd5 {[%emt 0:03:56] [#] The position is equal.} Nxd5
$146 ({Predecessor:} 8... Rb8 9. d4 b4 10. Ne2 e6 11. Bc6 Qc7
12. d5 Be7 13. Ng5 O-O 14. Bxd7 Bxd7 15. dxe6 fxe6 {0-1 (43) Arsovic,J (2014)
-Blagojevic,T (2267) Vrnjacka Banja 2021}) 9. exd5 Bb7 (9... b4 $15 10. Ne2 Nb6) 10. Re1 $1 $11 Nf6 11. Qe2 ({White should play} 11. Ng5 $11)
11... b4 ({Don't play} 11... Nxd5 12. Qe4 Qb4 13. d4 $16) (
11... Bxd5 $2 12. Nxd5 Nxd5 13. Qe4 $18 (13. Qd3 Nb4 $14)) 12. Ne4 Nxe4 13. Qxe4 c4 $36 {[%emt 0:01:42]
Black is more active.} 14. Qxc4 Rc8 15. Qd3 Qxd5 16. Qxd5 Bxd5 17. Nd4 (17. c3 $15) 17... e5 (17...
g6 $17 18. c3 Bg7) 18. c3 $15 Kd7 19. Nc2 a5 20. Ne3 Bb3 {[%emt 0:01:
06] Black is more active.} 21. cxb4 axb4 22.
d3 d5 23. Bd2 f6 24. Kf1 (24. Rec1 $17) 24... d4 $19 25. Nc4 Bxc4 26. dxc4 Rxc4 27. Rec1 Rxc1+ 28. Rxc1 {[%emt 0:00:10] Endgame KRB-KRB} Bd6 29. Ke2 Ke6 $1 30. Rc6 Rb8 ({Black should try} 30... Kd5 $19 31. Rb6 Rb8 32. Rxb8 Bxb8 33. Bxb4
Kc4) 31. b3 $17 Kd5 32. Ra6 Bc5 33. g4 e4 34. Bf4 $2 (34. Kd1 $17) 34... Rc8 $1 $19 35. Ra5 d3+ 36. Kd2 (36. Ke1 $142)
36... Ke6 37. Ra6+ Kd7 38.
Be3 Bxe3+ 39. Kxe3 {[%emt 0:00:09] KR-KR} (
39. fxe3 $142 Rc2+ 40. Kd1) 39... Rc2 40. Ra7+ Kc6 {[%emt 0:00:24] Threatens to win with ...Re2+.} 41. Ra6+ Kc7 {[%emt 0:31:08] And now ...Re2+ would win.} 42. Ra7+ Kc6 43. Ra6+ {[%emt 0:01:35] [#]} Kb7 $1 44. Rd6 Re2+ 45. Kf4 Kc7 46. Rd4 g5+ 47. Kf5 d2 48. Rd5 Kc6 49. Rd8 Rxf2+ 50. Kxe4 Rxh2 {[%emt 0:
00:00] aiming for ...Rh3.} 51. Rd3 (51. Ke3 $142 Kb6 52. Ke4)
51... Rf2 52. Ke3 {[%emt 0:00:00] [#]} Rf4 $1 53. Rxd2 Rxg4 54. Rf2 Rf4 {
[%emt 0:00:00] White must now prevent ...Rxf2.} 55. Rh2 Rh4 56. Rf2 Rh6 57. Rc2+ (57. Ke4 $142 Kc7 58. Rf1) 57... Kd5 {[%emt 0:00:00] Weighted
Error Value: White=0.29 (precise) /Black=0.19 (very precise)} 0-1